 Dungeon Crawl Stone Soup version 0.24.0-37-gcf1ca852f1 (webtiles) character file.

Game seed: 16419093260216500291, levelgen mode: deterministic

184 Iamsoldier the Poker (level 5, 0/47 HPs)
             Began as a Minotaur Fighter on Dec 9, 2019.
             Slain by Grinder (3 damage)
             ... while paralysed by Grinder
             ... on level 3 of the Dungeon.
             The game lasted 00:03:02 (1433 turns).

Iamsoldier the Poker (Minotaur Fighter)             Turns: 1433, Time: 00:03:03

Health: 0/47       AC:  7    Str: 26    XL:     5   Next: 36%
Magic:  4/4        EV:  2    Int:  5    God:
Gold:   234        SH:  0    Dex: 10    Spells: 4/4 levels left

rFire    . . .     SeeInvis .   a - +0 trident
rCold    . . .     Gourm    .   c - +0 shield
rNeg     . . .     Faith    .   b - +0 scale mail
rPois    .         Spirit   .   (helmet restricted)
rElec    .         Reflect  .   (no cloak)
rCorr    .         Harm     .   (no gloves)
MR       .....                  (no boots)
Stlth    ..........             (no amulet)
HPRegen  0.15/turn              (no ring)
MPRegen  0.09/turn              (no ring)

@: paralysed, mighty
A: retaliatory headbutt, horns 2
a: no special abilities


You were on level 3 of the Dungeon.
You were not hungry.

You visited 1 branch of the dungeon, and saw 3 of its levels.

You collected 234 gold pieces.

Inventory:

Hand Weapons
 a - a +0 trident (weapon)
Armour
 b - a +0 scale mail (worn)
 c - a +0 shield (worn)
Scrolls
 e - 3 scrolls of fog {unknown}
 i - 4 scrolls of teleportation {unknown}
 j - 2 scrolls of enchant weapon {unknown}
 l - 2 scrolls of identify {unknown}
 o - a scroll of fear {unknown}
 r - a scroll of immolation {unknown}
Potions
 g - a potion of cancellation {unknown}
 k - a potion of curing {unknown}
 m - a potion of heal wounds {unknown}
 n - 2 potions of brilliance {unknown}
 p - a potion of lignification {unknown}
 q - a potion of mutation {unknown}
 s - a potion of degeneration {unknown}
 t - a potion of ambrosia {unknown}
 u - a potion of magic {unknown}
Comestibles
 f - a ration
 h - 16 chunks of flesh


   Skills:
 + Level 4.6 Fighting
 * Level 4.7 Polearms
 + Level 4.6 Armour
 + Level 4.5 Shields


You had 4 spell levels left.
You didn't know any spells.
Your spell library was empty.

Dungeon Overview and Level Annotations

Branches:
Dungeon (3/15)

Altars:
Vehumet
Yredelemnul

Annotations:
D:3 Grinder


Innate Abilities, Weirdness & Mutations

You reflexively headbutt those who attack you in melee.
You have a pair of horns on your head.


Message History

Pain shoots through your body!
* * * LOW HITPOINT WARNING * * *
The kobold hits you.
* * * LOW HITPOINT WARNING * * *
You barely miss Grinder.
Grinder is heavily wounded.
Grinder gestures at you.
You suddenly lose the ability to move!
The kobold hits you.
* * * LOW HITPOINT WARNING * * *
The kobold hits you but does no damage. Grinder hits you but does no damage.
The kobold hits you but does no damage. The kobold hits you but does no damage.
Grinder gestures at you. Pain shoots through your body!
* * * LOW HITPOINT WARNING * * *
The kobold hits you but does no damage. The kobold hits you but does no damage.
Grinder hits you.
* * * LOW HITPOINT WARNING * * *
You writhe in agony.
You die...

.###########
###........#######.#####
###..######............#
#.........# ...........#
..#....##.# .........#
###.....### ........# #
######.## .......# .
#...######K.....# ..
#.##).....@5....# .# #.
####...K.....# .# >.
#####....... ... .......
... #...... .... ......
...... ......


You could see Grinder and 2 kobolds.

Vanquished Creatures
  An orc wizard (D:2)
  4 gnolls
  3 adders
  3 worms (D:2)
  3 dart slugs
  2 leopard geckos
  4 orcs (D:2)
  4 giant cockroaches (D:2)
  4 goblins
  9 hobgoblins
  8 jackals
  3 kobolds
  2 quokkas (D:2)
  A ball python (D:2)
  5 bats
  4 frilled lizards
  8 rats
68 creatures vanquished.

Notes
Turn   | Place    | Note
-------+----------+-------------------------------------------
     0 | D:1      | Iamsoldier the Minotaur Fighter began the quest for the
                  | Orb.
     0 | D:1      | Reached XP level 1. HP: 19/19 MP: 0/0
     5 | D:1      | Noticed an ogre
     9 | D:1      | Noticed a minotaur skeleton
    11 | D:1      | Noticed a merfolk zombie
    13 | D:1      | Noticed a minotaur skeleton
    15 | D:1      | Noticed a felid
    17 | D:1      | Noticed a vampire
    21 | D:1      | Noticed a dwarf
    71 | D:1      | Reached XP level 2. HP: 17/27 MP: 1/1
   437 | D:1      | Reached XP level 3. HP: 33/33 MP: 2/2
   752 | D:2      | Reached XP level 4. HP: 35/40 MP: 3/3
   946 | D:2      | Found a basalt altar of Yredelemnul.
  1229 | D:3      | Reached XP level 5. HP: 47/47 MP: 4/4
  1297 | D:3      | Found a radiant altar of Vehumet.
  1341 | D:3      | Found a faded altar of an unknown god.
  1422 | D:3      | Noticed Grinder
  1430 | D:3      | Paralysed by Grinder for 4 turns
  1433 | D:3      | Slain by Grinder

Levels and vault maps discovered:
D:1:      shiori_arrival_whats_in_store_for_you, layout_basic
D:2:      layout_basic, lemuel_doored_altar, kennysheep_generic_room_7
D:3:      layout_rooms, overflow_temple_1_default,
          chequers_ecumenical_altar_simple, minmay_cut_off, uniq_grinder

Skill      XL: |  1  2  3 |
---------------+----------+-----
Polearms       | 3 4 |  4.7
Shields        | 4 |  4.5
Fighting       | 4 |  4.6
Armour         | 4 |  4.6

Action                   |  1- 3 |  4- 6 || total
-------------------------+-------+-------++-------
Melee: Trident           |    86 |   122 ||   208
       Headbutt          |    12 |    21 ||    33
  Use: Potion            |       |     1 ||     1
  Eat: Chunk             |       |     2 ||     2
Armor: Scale mail        |    16 |    49 ||    65
Dodge: Dodged            |    22 |    26 ||    48
Block: Shield            |    34 |    51 ||    85
